 Dungeon Crawl Stone Soup version 0.30-a0-634-g8abc85282e (webtiles) character file.

Game seed: 2022966667446511013

5965 bmack86 the Cleaver (level 10, -6/88 HPs)
             Began as a Minotaur Fighter on Jan 15, 2023.
             Was a Believer of Okawaru.
             Mangled by a two-headed ogre
             ... wielding a +0 giant spiked club
              (9 damage)
             ... on level 10 of the Dungeon.
             The game lasted 00:24:40 (8400 turns).

bmack86 the Cleaver (Minotaur Fighter)              Turns: 8400, Time: 00:24:41

Health: -6/88      AC: 12    Str: 31    XL:     10   Next: 54%
Magic:  11/11      EV: 15    Int:  5    God:    Okawaru [**....]
Gold:   712        SH: 12    Dex: 10    Spells: 9/9 levels left

rFire   . . .      SeeInvis .    a - +1 war axe (freeze)
rCold   . . .      Faith    .    T - +0 kite shield
rNeg    . . .      Spirit   .    j - +0 chain mail
rPois   .          Reflect  .    (helmet restricted)
rElec   .          Harm     .    (no cloak)
rCorr   .          Rampage  .    (no gloves)
Will    .....                    (no boots) Stlth
                                 q - amulet of magic regeneration
HPRegen 0.34/turn                A - +6 ring of strength
MPRegen 0.52/turn                s - +5 ring of evasion

@: heroic
A: horns 2, retaliatory headbutt
a: Renounce Religion, Heroism


You were on level 10 of the Dungeon.
You worshipped Okawaru.
Okawaru was pleased with you.
You visited 2 branches of the dungeon, and saw 11 of its levels.
You also visited: Sewer.

You collected 712 gold pieces.

Inventory:

Hand Weapons
 a - a +1 war axe of freezing (weapon)
Missiles
 f - a silver boomerang
 l - 9 poisoned darts
 x - 4 boomerangs (quivered)
 M - a throwing net
Armour
 j - a +0 chain mail (worn)
 t - a +0 tower shield
 T - a +0 kite shield (worn)
Jewellery
 e - a ring of poison resistance
 q - an amulet of magic regeneration (around neck)
 s - a +5 ring of evasion (right hand)
 A - a +6 ring of strength (left hand)
 L - a +5 ring of evasion
Wands
 h - a wand of polymorph (10)
 F - a wand of acid (4)
 I - a wand of mindburst (3)
 J - a wand of flame (19)
 K - a wand of paralysis (10)
Scrolls
 k - a scroll of fear
 m - 2 scrolls of immolation
 o - a scroll of silence
 v - 3 scrolls of amnesia
 w - 4 scrolls of teleportation
 z - a scroll of blinking
 E - 2 scrolls of enchant weapon
 G - a scroll of enchant armour
Potions
 d - a potion of might
 g - 3 potions of mutation
 i - 7 potions of curing
 n - 3 potions of flight
 p - 4 potions of resistance
 r - a potion of magic
 u - 2 potions of berserk rage
 B - 2 potions of invisibility
 C - 2 potions of heal wounds
 D - a potion of attraction {unknown}
 N - a potion of lignification {unknown}
 Q - a potion of cancellation {unknown}
 S - 2 potions of haste {unknown}


   Skills:
 + Level 8.0(13.0) Fighting
 * Level 10.4(15.4) Axes
 + Level 5.7(10.7) Throwing
 + Level 8.0(13.0) Armour
 * Level 10.4(15.4) Shields
 + Level 3.1 Invocations


You had 9 spell levels left.
You didn't know any spells.
Your spell library contained the following spells:

 Spells                   Type           Power      Damage    Failure   Level
 Apportation              Tloc           0%         N/A       97%         1
 Freeze                   Ice            0%         1d3       97%         1
 Necrotise                Necr           0%         1d4       97%         1
 Slow                     Hex            0%         N/A       97%         1
 Cigotuvi's Dreadful Rot  Necr/Pois/Air  0%         N/A       99%         2
 Poisonous Vapours        Pois/Air       0%         N/A       99%         2
 Scorch                   Fire           0%         2d5       99%         2
 Confusing Touch          Hex            0%         N/A       100%        3
 Frozen Ramparts          Ice            0%         1d1       100%        3
 Hailstorm                Conj/Ice       0%         3d3       100%        3
 Mephitic Cloud           Conj/Pois/Air  0%         N/A       100%        3
 Vampiric Draining        Necr           0%         2d6       100%        3
 Flame Wave               Conj/Fire      0%         2d4       100%        4
 Orb of Destruction       Conj           0%         9d5       100%        7
 Summon Small Mammal      Summ           Unusable   N/A       N/A         1
 Call Canine Familiar     Summ           Unusable   N/A       N/A         3
 Summon Guardian Golem    Hex/Summ       Unusable   N/A       N/A         3
 Summon Cactus Giant      Summ           Unusable   N/A       N/A         6
 Spellforged Servitor     Conj/Summ      Unusable   N/A       N/A         7

Dungeon Overview and Level Annotations

Branches:
Dungeon (10/15)            Temple (1/1) D:6            Lair (0/5) D:9
  Sewer (visited)
    Orc: D:9-12

Altars:
Ashenzari
Dithmenos
Elyvilon
Fedhas
Gozag
Hepliaklqana
Kikubaaqudgha
Makhleb
Nemelex Xobeh
Okawaru
Qazlal
Ru
Sif Muna
Trog
Uskayaw
Vehumet
Wu Jian
Xom
Yredelemnul
Zin
The Shining One


Innate Abilities, Weirdness & Mutations

You have a pair of horns on your head.
You reflexively headbutt those who attack you in melee.


Message History

You closely miss something. You headbutt something. Okawaru accepts your kill.
Reactivating autopickup.
You feel a bit more experienced. You block the two-headed ogre's attack.
The two-headed ogre hits you with a +0 giant club!
Items here: ! $ ) / = ? [ †.
You barely miss the two-headed ogre.
Your headbutt misses the two-headed ogre.
A two-headed ogre comes into view.
It is wielding a +0 giant spiked club and a +0 giant club.
You slash the two-headed ogre! You freeze the two-headed ogre!
The two-headed ogre is heavily wounded.
The two-headed ogre completely misses you. x2
You slash the two-headed ogre! You freeze the two-headed ogre.
The two-headed ogre is heavily wounded.
The two-headed ogre hits you with a +0 giant club!
You block the two-headed ogre's attack.
You hit the two-headed ogre. You freeze the two-headed ogre.
You headbutt the two-headed ogre.
The two-headed ogre is severely wounded.
You gain the combat prowess of a mighty hero.
You block the two-headed ogre's attack.
The two-headed ogre hits you with a +0 giant club!
* * * LOW HITPOINT WARNING * * *
You slash the two-headed ogre! You freeze the two-headed ogre.
You headbutt the two-headed ogre.
You kill the two-headed ogre!
Okawaru is honoured by your kill.
Your base Fighting skill increases to level 8!
Your base Armour skill increases to level 8!
Your Invocations skill increases to level 3!
The two-headed ogre hits you with a +0 giant spiked club!
* * * LOW HITPOINT WARNING * * *
You block the two-headed ogre's attack.
Things that are here:
a +0 giant club; a +0 giant club You hit the two-headed ogre but do no damage.
You barely miss the two-headed ogre.
The two-headed ogre hits you with a +0 giant spiked club!
You die...

........# ........#
........####
..........#
#........#
#........#
#...[O...###......#
#....@............#
###..).#####......#
#....# #......#
#....# #......#
#....# #......#
#....# #......#
#########....#
#.....<#
#..........###
##......#
#...$......#
#.......#


You could see a two-headed ogre.

Vanquished Creatures
  A two-headed ogre (D:10)
  A centaur warrior (D:9)
  Maurice (D:10)
  A komodo dragon (D:9)
  A wyvern (D:9)
  3 yaks (D:10)
  2 steam dragons
  Grum (D:10)
  2 acid dragons (D:9)
  2 water moccasins
  A black bear (D:6)
  2 orc warriors
  An ice beast (D:6)
  2 sky beasts
  4 ogres
  4 wolves (D:10)
  3 centaurs
  A phantom (D:7)
  A kobold brigand (D:9)
  A necrophage (D:7)
  3 scorpions
  4 bullfrogs
  4 hounds
  A jelly (D:6)
  2 orc priests
  2 gnoll boudas (D:7)
  Ijyb (D:5)
  5 orc wizards (D:4)
  3 iguanas
  8 gnolls (D:7)
  8 adders
  A white imp (D:6)
  3 worms
  2 dart slugs
  27 orcs
  5 endoplasms
  13 giant cockroaches
  6 goblins
  2 hobgoblins (D:3)
  9 quokkas
  15 ball pythons
  4 bats
  12 frilled lizards
  7 kobolds
  5 rats
187 creatures vanquished.

Vanquished Creatures (others)
  3 plants (D:9)
3 creatures vanquished.

Grand Total: 190 creatures vanquished

Notes
Turn   | Place    | Note
-------+----------+-------------------------------------------
     0 | D:1      | bmack86 the Minotaur Fighter began the quest for the Orb.
     0 | D:1      | Reached XP level 1. HP: 19/19 MP: 0/0
   298 | D:1      | Reached XP level 2. HP: 27/27 MP: 1/1
   865 | D:2      | You fall into a shaft and drop 2 floors!
   992 | D:3      | Found a faded altar of an unknown god.
  1103 | D:3      | Found a glowing drain.
  1108 | D:3      | Reached XP level 3. HP: 30/33 MP: 2/2
  1137 | Sewer    | Entered a sewer
  1414 | Sewer    | Noticed a bullfrog
  1419 | Sewer    | Killed a bullfrog
  1420 | Sewer    | Reached skill level 1 in Throwing
  1420 | Sewer    | Reached XP level 4. HP: 34/40 MP: 3/3
  1466 | D:3      | Found a shadowy altar of Dithmenos.
  1601 | D:2      | Reached XP level 5. HP: 46/46 MP: 4/4
  2363 | D:4      | Noticed an ogre
  2371 | D:4      | Killed an ogre
  2372 | D:4      | Reached skill level 5 in Axes
  2372 | D:4      | Reached XP level 6. HP: 53/53 MP: 5/5
  2504 | D:4      | Reached skill level 5 in Shields
  2656 | D:4      | Reached skill level 5 in Armour
  3064 | D:5      | Entered Level 5 of the Dungeon
  3153 | D:5      | Reached skill level 5 in Fighting
  3153 | D:5      | Reached XP level 7. HP: 57/61 MP: 6/6
  3170 | D:5      | Noticed Ijyb
  3180 | D:5      | Killed Ijyb
  3771 | D:5      | Found a sacrificial altar of Ru.
  4001 | D:6      | Reached XP level 8. HP: 60/69 MP: 7/7
  4016 | D:6      | Found a staircase to the Ecumenical Temple.
  4026 | Temple   | Entered the Ecumenical Temple
  4925 | D:6      | Found a radiant altar of Vehumet.
  5385 | D:7      | Reached XP level 9. HP: 66/78 MP: 8/8
  6034 | D:7      | Found an iron altar of Okawaru.
  6042 | D:7      | Became a worshipper of Warmaster Okawaru
  7317 | D:9      | Noticed a centaur warrior
  7327 | D:9      | Killed a centaur warrior
  7327 | D:9      | Reached * piety under Okawaru
  7328 | D:9      | Reached skill level 5 in Throwing
  7328 | D:9      | Reached skill level 1 in Invocations
  7647 | D:9      | Found a staircase to the Lair.
  7647 | D:9      | Noticed a komodo dragon
  7653 | D:9      | Killed a komodo dragon
  7654 | D:9      | Reached XP level 10. HP: 81/86 MP: 10/10
  8098 | D:10     | Entered Level 10 of the Dungeon
  8106 | D:10     | Noticed Grum
  8121 | D:10     | Reached skill level 10 in Axes
  8131 | D:10     | Reached skill level 10 in Shields
  8135 | D:10     | Killed Grum
  8135 | D:10     | Reached ** piety under Okawaru
  8361 | D:10     | Noticed Maurice
  8384 | D:10     | Noticed a two-headed ogre
  8390 | D:10     | Killed Maurice
  8392 | D:10     | Noticed a two-headed ogre
  8397 | D:10     | Killed a two-headed ogre
  8398 | D:10     | HP: 2/88 [two-headed ogre/+0 giant spiked club (12)]
  8400 | D:10     | Mangled by a two-headed ogre

Illustrated notes

Levels and vault maps discovered:
D:1:      nzn_arrival_water_spiral, layout_basic, roderic_st_hans_cross
D:2:      layout_rooms, kennysheep_generic_room_15
D:3:      minmay_angry_zag, layout_basic, mainiacjoe_overflow_surrounded_room,
          cheibrodos_sewer_entry_sluice, chequers_ecumenical_altar_lobes
D:4:      layout_basic, minmay_a_box_with_orc_wizards_in_it
D:5:      layout_gridville, nicolae_ru_the_path_less_chosen,
          corexii_corridor_pit, kennysheep_generic_room_7, uniq_ijyb
D:6:      minmay_inner_zag, layout_gridville, kennysheep_mini_moat,
          lemuel_temple_firewalk_b, minmay_misc_feat_square
D:7:      layout_cave_pods, okawaru_metal_pillars_3
D:8:      layout_loops_cross, grunt_decor_fettered
D:9:      layout_basic, david_lair_shrubbed, minmay_fractal_squares_5
D:10:     layout_basic, slow_altar_1, david_orc_2, uniq_grum, uniq_maurice
Temple:   minmay_crystal_spiral_temple

Skill      XL: |  1  2  3  4  5  6  7  8  9 10 |
---------------+-------------------------------+-----
Axes           | 3 4 5 6 8 9 10 | 10.4
Shields        | 4 5 6 8 9 10 | 10.4
Armour         | 4 5 6 7 8 |  8.0
Fighting       | 4 5 6 7 8 |  8.0
Throwing       | 1 2 3 4 5 |  5.7
Invocations    | 2 3 |  3.1

Action                   |  1- 3 |  4- 6 |  7- 9 | 10-12 || total
-------------------------+-------+-------+-------+-------++-------
Melee: War axe           |   105 |   100 |   182 |    46 ||   433
       Headbutt          |    12 |    16 |    29 |     8 ||    65
       Unarmed           |       |       |     3 |       ||     3
Throw: Boomerang         |       |     4 |       |       ||     4
       Dart              |       |     2 |       |       ||     2
Invok: Heroism           |       |       |       |     2 ||     2
  Use: Scroll            |     3 |     9 |     9 |     4 ||    25
       Potion            |       |       |     1 |       ||     1
Armor: Scale mail        |    13 |       |       |       ||    13
       Chain mail        |    53 |    64 |    72 |    14 ||   203
Dodge: Dodged            |    43 |    51 |   109 |    23 ||   226
Block: Buckler           |    30 |    29 |    77 |     1 ||   137
       Kite shield       |       |       |       |    32 ||    32

Table legend: (Time is in decaauts)
 A = Elapsed time spent in this place.
 B = Non-inter-level travel time spent in this place.
 C = Inter-level travel time spent in this place.
 D = Time resting spent in this place.
 E = Time spent auto-exploring this place.
 F = Levels seen in this place.
 G = Mean time per level.
                   A        B        C        D        E       F      G
               +--------+--------+--------+--------+--------+-----+--------+
         Total |   8549 |   8273 |    276 |    558 |   4989 |  12 |  712.4 |
       Dungeon |   7953 |   7760 |    193 |    558 |   4813 |  10 |  795.3 |
        Temple |    211 |    128 |     83 |      0 |    111 |   1 |  211.0 |
         Sewer |    385 |    385 |      0 |      0 |     64 |   1 |  385.0 |
               +--------+--------+--------+--------+--------+-----+--------+

Top non-repeatable levels by time:
     D:9: 1320 daAuts
     D:6: 1117 daAuts
     D:7: 1063 daAuts
     D:5: 831 daAuts
     D:1: 813 daAuts
     D:4: 807 daAuts
     D:3: 714 daAuts
     D:8: 679 daAuts
     D:2: 466 daAuts
   Sewer: 385 daAuts
  Temple: 211 daAuts
    D:10: 137 daAuts
